 Dungeon Crawl Stone Soup version 0.28-a0-1038-g9c4cb8273d (webtiles) character file.

Game seed: 15640836358076663036

2228 tilp the Frost Mage (level 9, 36/36 HPs)
             Began as a Felid Ice Elementalist on Dec 8, 2021.
             Quit the game on level 7 of the Dungeon.
             The game lasted 00:22:30 (14524 turns).

tilp the Frost Mage (Felid Ice Elementalist)       Turns: 14524, Time: 00:22:31

Health: 36/36      AC:  2    Str:  4    XL:     9   Next: 14%
Magic:  28/28      EV: 19    Int: 20    God:
Gold:   413        SH:  0    Dex: 18    Spells: 9/20 levels left
                                        Lives:  1   Deaths: 1

rFire   x . .      SeeInvis +     - Unarmed
rCold   + . .      Faith    .   (shield unavailable)
rNeg    . . .      Spirit   .   (armour unavailable)
rPois   .          Reflect  .   (helmet unavailable)
rElec   .          Harm     .   (cloak unavailable)
rCorr   .          Rampage  .   (gloves unavailable)
Will    +....                   (boots unavailable)
Stlth   +++.......              (no amulet)
HPRegen 0.12/turn               c - ring of magical power
MPRegen 0.21/turn               q - ring of ice

@: quick
A: very small, claws 1, fangs 3, see invisible, speed 1, shaggy fur 2, stealthy
paws, no weapons or thrown items, no armour, multi-lived
a: no special abilities


You were on level 7 of the Dungeon.
You visited 2 branches of the dungeon, and saw 9 of its levels.

You collected 497 gold pieces.
You spent 84 gold pieces at shops.

Inventory:

Jewellery
 c - a ring of magical power (left paw)
 d - a +6 ring of strength
 k - an amulet of faith
 q - a ring of ice (right paw)
 s - an amulet of guardian spirit
Wands
 j - a wand of charming (8)
 p - a wand of paralysis (13)
Scrolls
 a - a scroll of fear
 e - a scroll of silence {unknown}
 l - a scroll of teleportation
 r - 3 scrolls of identify
Potions
 b - a potion of resistance
 f - a potion of brilliance
 g - a potion of cancellation
 h - a potion of flight
 i - a potion of haste {unknown}
 m - a potion of ambrosia {unknown}
 n - a potion of berserk rage {unknown}


   Skills:
 + Level 2.1 Fighting
 + Level 4.1 Dodging
 + Level 6.1 Stealth
 + Level 4.0 Unarmed Combat
 - Level 6.0 Spellcasting
 - Level 8.0 Conjurations
 - Level 8.0 Ice Magic


You had 9 spell levels left.
You knew the following spells:

 Your Spells              Type           Power      Damage    Failure   Level
a - Freeze                Ice            100%       1d11      1%          1
b - Frozen Ramparts       Ice            100%       1d12      1%          3
c - Ozocubu's Armour      Ice            54%        N/A       1%          3
d - Hailstorm             Conj/Ice       54%        3d12      3%          4

Your spell library contained the following spells:

 Spells                   Type           Power      Damage    Failure   Level
 Beastly Appendage        Tmut           12%        N/A       11%         1
 Corpse Rot               Necr/Air       12%        N/A       16%         2
 Poisonous Vapours        Pois/Air       12%        N/A       16%         2
 Wereblood                Tmut           6%         N/A       16%         2
 Inner Flame              Hex/Fire       6%         N/A       30%         3
 Spider Form              Tmut/Pois      6%         N/A       30%         3
 Summon Guardian Golem    Hex/Summ       6%         N/A       30%         3
 Cause Fear               Hex            3%         N/A       71%         4
 Orb of Destruction       Conj           19%        9d8       97%         7
 Spellforged Servitor     Conj/Summ      11%        N/A       100%        7
 Discord                  Hex            3%         N/A       100%        8


Dungeon Overview and Level Annotations

Branches:
Dungeon (8/15)             Temple (1/1) D:6            Lair (0/6) D:8

Altars:
Ashenzari
Cheibriados
Dithmenos
Elyvilon
Fedhas
Gozag
Hepliaklqana
Kikubaaqudgha
Makhleb
Nemelex Xobeh
Okawaru
Qazlal
Trog
Uskayaw
Vehumet
Wu Jian
Xom
Yredelemnul
Zin
The Shining One

Shops:
D:2 *   D:3 (   D:8 ?

Annotations:
D:7 exclusion: deep elf pyromancer
D:8 exclusion: acid dragon, Erica


Innate Abilities, Weirdness & Mutations

You have sharp claws.
You have razor-sharp teeth.
You have supernaturally acute eyesight. (SInv)
You cover ground quickly. (Speed+)
You are covered in thick fur. (AC +2)
Your paws help you pounce on unaware monsters.
You are incapable of wielding weapons or throwing items.
You cannot wear armour.
You gain extra lives every three experience levels.


Message History

* * * LOW HITPOINT WARNING * * *
The wraith drains your vigour!
You feel yourself slow down.
You scratch the wraith.
The wraith is almost destroyed.
The wraith hits you.
* * * LOW HITPOINT WARNING * * *
The wraith drains your vigour!
You feel as though you will be slow longer.
Unknown command.
Casting: Hailstorm (dangerous; 3% risk of failure)
Confirm with . or Enter, or press ? or * to list all spells.
You feel a surge of power!
Your icy armour thickens.
The wraith misses you. The wraith closely misses you.
Unknown command.
Unknown command.
You barely miss the wraith.
The wraith is almost destroyed.
The wraith hits you!
* * * LOW HITPOINT WARNING * * *
The wraith drains your vigour!
You feel as though you will be slow longer.
You completely miss the wraith.
The wraith is almost destroyed.
The wraith misses you. x2
Unknown command.
Okay, then.
You completely miss the wraith.
The wraith is almost destroyed.
The wraith barely misses you.
Okay, then.
Your icy armour will break if you move.
Continue?
Your icy armour cracks and falls away as you move.
The wraith hits you!
You die...
You are now level 9!
You rejoin the land of the living...
Unknown command.
Unknown command.
Unknown command.
Are you sure you want to abandon this character and quit the game? (Confirm with "yes".)

......................##
##...# ......................#
##..###
.....[................# ##..##
......................# ##..##
......................###..##
.e........................##
$.........................#
.."......................##
................@...##....###
....................##......##
.............................#
......^......>...............#
.........>...............##..#
...................#.....##..#
.(................##......#..#
..................#>.........#
..............<####..####....#


There were no monsters in sight!

Vanquished Creatures
  3 wyverns (D:8)
  A basilisk (D:8)
  Menkaure (D:7)
  An acid dragon (D:8)
  A water moccasin (D:5)
  A swamp drake (D:8)
  A sky beast (D:7)
  2 black bears
  5 orc warriors
  3 necrophages
  2 ice beasts (D:7)
  4 ogres
  A phantom (D:7)
  3 bullfrogs
  2 wyvern zombies
  6 scorpions
  A wyvern skeleton (D:7)
  4 wights
  A jelly (D:5)
  2 bullfrog skeletons
  6 orc priests
  A centaur skeleton (D:7)
  3 hounds
  3 iguanas
  9 orc wizards
  A hound skeleton (D:4)
  4 gnolls (D:5)
  5 adders
  A howler monkey skeleton (D:7)
  A shadow imp (D:5)
  2 white imps
  An ufetubus (D:4)
  3 dart slugs
  33 orcs
  4 ball pythons
  10 endoplasms
  A giant cockroach (D:2)
  7 goblins
  8 hobgoblins
  5 jackals (D:1)
  10 kobolds
  2 quokkas (D:5)
  6 bats
  3 frilled lizards
  5 rats
179 creatures vanquished.

Notes
Turn   | Place    | Note
-------+----------+-------------------------------------------
     0 | D:1      | tilp the Felid Ice Elementalist began the quest for the
                  | Orb.
     0 | D:1      | Reached XP level 1. HP: 7/7 MP: 4/4
    25 | D:1      | Reached skill level 1 in Unarmed Combat
   133 | D:1      | Reached XP level 2. HP: 5/11 MP: 0/6
   385 | D:1      | You fall into a shaft and drop 1 floor!
   549 | D:2      | Found Imokul's Assorted Antiques.
   567 | D:2      | Reached XP level 3. HP: 14/14 MP: 5/7
   571 | D:2      | Learned a level 3 spell: Frozen Ramparts
  1283 | D:2      | Bought an inky potion for 26 gold pieces
  1283 | D:2      | Bought a scroll labelled TIUC PIYKUCEFU for 29 gold pieces
  2055 | D:1      | Reached XP level 4. HP: 17/18 MP: 3/8
  2208 | D:2      | Bought a scroll labelled VAC LOALYA for 29 gold pieces
  2267 | D:3      | Noticed a scorpion
  2273 | D:3      | Killed a scorpion
  2343 | D:3      | Learned a level 3 spell: Ozocubu's Armour
  2372 | D:3      | Found a faded altar of an unknown god.
  2577 | D:3      | Reached skill level 5 in Ice Magic
  2577 | D:3      | Reached XP level 5. HP: 21/21 MP: 5/10
  2666 | D:3      | Found Kiehekac's Weapon Emporium.
  3272 | D:3      | Noticed an ogre
  3926 | D:4      | Noticed an ogre
  4035 | D:4      | Noticed an ogre
  4783 | D:4      | HP: 1/21 [orc priest/divine providence (13)]
  4787 | D:4      | Gained mutation: You are covered in thick fur. (AC +2)
                  | [Felid growth]
  4787 | D:4      | Reached XP level 6. HP: 24/24 MP: 4/12
  5376 | D:4      | Reached XP level 7. HP: 4/28 MP: 10/14
  5689 | D:4      | Reached skill level 1 in Fighting
  5993 | D:4      | Learned a level 4 spell: Hailstorm
  6021 | D:5      | Entered Level 5 of the Dungeon
  6919 | D:5      | Reached skill level 5 in Stealth
  7288 | D:5      | Reached skill level 1 in Conjurations
  7288 | D:5      | Reached XP level 8. HP: 33/33 MP: 8/15
  7404 | D:5      | Identified the +5 whip of Untimely Demise {vorpal, rF+
                  | Int+3 SInv}
  8681 | D:6      | Found a staircase to the Ecumenical Temple.
  8690 | Temple   | Entered the Ecumenical Temple
  9274 | D:6      | Found a hazy altar of Hepliaklqana.
  9274 | D:6      | Found a bloodstained altar of Trog.
  9802 | D:7      | Reached skill level 5 in Spellcasting
  9802 | D:7      | Reached XP level 9. HP: 36/36 MP: 17/17
  9831 | D:7      | Noticed Menkaure
 10236 | D:7      | Noticed a deep elf pyromancer
 11119 | D:7      | Reached skill level 5 in Conjurations
 11460 | D:7      | Killed Menkaure
 11936 | D:8      | Found a white marble altar of Elyvilon.
 12525 | D:8      | Found a glowing golden altar of the Shining One.
 12653 | D:8      | Found Loca Uqoni's Magic Scroll Emporium.
 13219 | D:8      | Reached XP level 10. HP: 27/40 MP: 20/20
 14414 | D:8      | Found a staircase to the Lair.
 14414 | D:8      | Noticed Erica
 14523 | D:7      | Slain by a wraith
 14524 | D:7      | Reached XP level 9. HP: -3/36 MP: 23/28
 14524 | D:7      | Quit the game

Illustrated notes

Levels and vault maps discovered:
D:1:      dpeg_arrival_leaves_temple_mockup, layout_basic
D:2:      layout_loops_ring, serial_shops, nicolae_shop_trees,
          minmay_pentomino_p4
D:3:      minmay_recursive_quarters, layout_basic,
          hellmonk_ecumenical_altar_arch_garden, serial_shops,
          nicolae_shop_waterfront
D:4:      layout_basic, grunt_ministairs_9, chequers_serial_rivers_micro_d
D:5:      minmay_spotlight, layout_basic, mrwooster_statue_mirror,
          kennysheep_generic_room_15
D:6:      layout_loops_cross, gammafunk_temple_overflow_pools,
          lemuel_temple_firewalk_b, minivault_19,
          minmay_a_box_with_orc_wizards_in_it
D:7:      layout_layer_cave, grunt_decor_junction, uniq_menkaure
D:8:      layout_rooms, mainiacjoe_overflow_catwalk, kennysheep_mini_moat,
          erik_lair_dragon, serial_shops, nicolae_shop_trees,
          minmay_statues_item, uniq_erica
Temple:   eino_temple_scatter_basement

Skill      XL: |  1  2  3  4  5  6  7  8  9 10 |
---------------+-------------------------------+-----
Unarmed Combat | 1 2 4 |  4.0
Ice Magic      | 4 5 6 7 8 |  8.0
Spellcasting   | 3 4 5 6 |  6.0
Dodging        | 3 4 |  4.1
Stealth        | 3 6 |  6.1
Fighting       | 2 |  2.1
Conjurations   | 1 4 7 8 |  8.0

Action                   |  1- 3 |  4- 6 |  7- 9 | 10-12 || total
-------------------------+-------+-------+-------+-------++-------
Melee: Unarmed           |    15 |    55 |   221 |    32 ||   323
       Bite              |       |     2 |    27 |     7 ||    36
       Punch             |       |       |     2 |     2 ||     4
 Cast: Freeze            |    41 |    53 |    28 |     1 ||   123
       Frozen Ramparts   |     2 |    10 |    32 |     5 ||    49
       Ozocubu's Armour  |       |     7 |    40 |     3 ||    50
       Hailstorm         |       |       |    19 |     7 ||    26
Evoke: Wand              |       |       |     7 |     1 ||     8
  Use: Scroll            |       |     6 |     9 |       ||    15
       Potion            |       |     3 |     3 |     1 ||     7
 Stab: Sleeping          |     4 |     6 |    11 |       ||    21
       Paralysed         |       |       |     1 |     1 ||     2
Armor: Skin              |       |    10 |    59 |     4 ||    73
Dodge: Dodged            |    33 |    68 |   190 |    39 ||   330

Table legend: (Time is in decaauts)
 A = Elapsed time spent in this place.
 B = Non-inter-level travel time spent in this place.
 C = Inter-level travel time spent in this place.
 D = Time resting spent in this place.
 E = Time spent auto-exploring this place.
 F = Levels seen in this place.
 G = Mean time per level.
                   A        B        C        D        E       F      G
               +--------+--------+--------+--------+--------+-----+--------+
         Total |  13112 |  11972 |   1140 |   3718 |   6429 |   9 | 1456.9 |
       Dungeon |  12951 |  11827 |   1124 |   3718 |   6295 |   8 | 1618.9 |
        Temple |    161 |    146 |     15 |      0 |    133 |   1 |  161.0 |
               +--------+--------+--------+--------+--------+-----+--------+

Top non-repeatable levels by time:
     D:7: 2119 daAuts
     D:8: 2014 daAuts
     D:4: 1935 daAuts
     D:6: 1684 daAuts
     D:5: 1610 daAuts
     D:3: 1535 daAuts
     D:2: 1197 daAuts
     D:1: 855 daAuts
  Temple: 161 daAuts
